 Dungeon Crawl Stone Soup version 0.21.1-1-g345015f (webtiles) character file.

42 inc the Conjurer (level 3, 14/14 HPs)
             Began as a Felid Wizard on Mar 2, 2018.
             Was an Initiate of Sif Muna.
             Quit the game on level 3 of the Dungeon on Mar 3, 2018.
             The game lasted 00:04:59 (2561 turns).

inc the Conjurer (Felid Wizard)                     Turns: 2561, Time: 00:05:00

Health: 14/14      AC:  1    Str:  3    XL:     3   Next: 35%
Magic:  8/8        EV: 17    Int: 20    God:    Sif Muna [......]
Gold:   115        SH:  0    Dex: 14    Spells: 7/8 levels left
                                        Lives:  0   Deaths: 1

rFire    . . .     SeeInvis +   (weapon unavailable)
rCold    . . .     Gourm    .   (shield unavailable)
rNeg     . . .     Faith    .   (armour unavailable)
rPois    .         Spirit   .   (helmet unavailable)
rElec    .         Reflect  .   (cloak unavailable)
rCorr    .         Harm     .   (gloves unavailable)
MR       .....                  (boots unavailable)
Stlth    +++.......             (no amulet)
HPRegen  0.04/turn              (no ring)
MPRegen  0.11/turn              (no ring)

@: quick
A: very small, no armour, no weapons or thrown items, stealth, claws 1, fangs 3,
see invisible, carnivore, speed 1, shaggy fur 1, slow metabolism 1, sharp paws
a: Renounce Religion


You were on level 3 of the Dungeon.
You worshipped Sif Muna.
Sif Muna was noncommittal.
You were not hungry.

You visited 1 branch of the dungeon, and saw 3 of its levels.

You collected 115 gold pieces.

Inventory:

Scrolls
 d - a scroll of random uselessness {unknown}
 f - 4 scrolls of identify {unknown}
 g - 2 scrolls of teleportation {unknown}
 h - 2 scrolls of remove curse {unknown}
 j - 2 scrolls of enchant weapon {unknown}
Potions
 c - a potion of degeneration {unknown}
 e - 2 potions of brilliance {unknown}
 i - a potion of heal wounds {unknown}
 k - a potion of resistance {unknown}
 l - a potion of mutation {unknown}
Books
 a - a book of Minor Magic

   Spells                             Type                      Level
   a - Magic Dart                     Conjuration                  1
   b - Blink                          Translocation                2
   c - Call Imp                       Summoning                    2
   d - Slow                           Hexes                        2
   e - Conjure Flame                  Conjuration/Fire             3
   f - Mephitic Cloud                 Conjuration/Poison/Air       3
Comestibles
 b - 8 rations


   Skills:
 - Level 2.6 Dodging
 - Level 2.6 Stealth
 - Level 3.0 Spellcasting
 + Level 3.9 Conjurations
   Level 1.0 Summonings
   Level 1.5 Translocations


You had 7 spell levels left.
You knew the following spells:

 Your Spells              Type           Power        Failure   Level  Hunger
a - Magic Dart            Conj           ###.         2%          1    None


Dungeon Overview and Level Annotations

Branches:
Dungeon (3/15)

Altars:
Hepliaklqana
Sif Muna
Uskayaw


Innate Abilities, Weirdness & Mutations

You cannot wear armour.
You are incapable of wielding weapons or throwing items.
Your paws allow you to move quietly. (Stealth)
You have sharp claws.
You have razor-sharp teeth.
You have supernaturally acute eyesight. (SInv)
You are carnivorous and can eat meat at any time.
You cover ground quickly.
You are covered in fur. (AC +1)
You have a slow metabolism.
Your sharp claws are effective at attacking unaware monsters.


Message History

Aim: an orc priest, wielding a flail (severely wounded)
The magic dart hits the orc priest.
The orc priest is almost dead.
Casting: Magic Dart
Confirm with . or Enter, or press ? or * to list all spells.
Aiming: Magic Dart
Press: ? - help, Shift-Dir - straight line, f/p - orc priest
Aim: an orc priest, wielding a flail (almost dead)
The magic dart hits the orc priest.
The orc priest is almost dead.
The orc priest mumbles some strange prayers to Beogh against you.
Beogh smites you!
Ouch! That really hurt!
You die...
You are now level 3!
You rejoin the land of the living...
Casting: Magic Dart
Confirm with . or Enter, or press ? or * to list all spells.
You can't see any susceptible monsters within range! (Use Z to cast anyway.) Are you sure you want to abandon this character and quit the game? (Confirm with "yes".) # ########.# #.....@..# #.######.# #

There were no monsters in sight!

Vanquished Creatures
  An adder (D:2)
  An ooze (D:1)
  3 worms (D:2)
  4 dart slugs
  3 leopard geckos
  A ball python (D:2)
  3 giant cockroaches
  6 goblins
  8 hobgoblins
  2 jackals (D:1)
  7 bats
  4 frilled lizards
  10 kobolds
  A leopard gecko zombie (D:3)
  4 rats
58 creatures vanquished.

Notes
Turn   | Place    | Note
-------+----------+-------------------------------------------
     0 | D:1      | inc the Felid Wizard began the quest for the Orb.
     0 | D:1      | Reached XP level 1. HP: 7/7 MP: 5/5
    14 | D:1      | Reached skill level 1 in Conjurations
   205 | D:1      | Reached XP level 2. HP: 10/11 MP: 2/7
   728 | D:1      | Reached XP level 3. HP: 14/14 MP: 5/8
  1584 | D:2      | Found a hazy altar of Hepliaklqana.
  1661 | D:2      | Found a deep blue altar of Sif Muna.
  1669 | D:2      | Reached XP level 4. HP: 18/18 MP: 3/9
  2281 | D:2      | Became a worshipper of Sif Muna the Loreminder
  2423 | D:3      | Found a hide-covered altar of Uskayaw.
  2560 | D:3      | Killed from afar by an orc priest
  2561 | D:3      | Reached XP level 3. HP: -4/14 MP: 3/8
  2561 | D:3      | Quit the game

Skill      XL: |  1  2  3 |
---------------+----------+-----
Conjurations   | 2 3 |  3.9
Dodging        | |  2.6
Stealth        | |  2.6
Spellcasting   | |  3.0
Summonings     | |  1.0
Translocations | |  1.5

Action                   |  1- 3 |  4- 6 || total
-------------------------+-------+-------++-------
Melee: Unarmed           |    17 |    13 ||    30
       Bite              |     1 |     1 ||     2
 Cast: Magic Dart        |    98 |    56 ||   154
  Eat: Chunk             |     5 |       ||     5
Armor: Skin              |       |     2 ||     2
Dodge: Dodged            |    28 |    24 ||    52
